 Dungeon Crawl Stone Soup version 0.29-a0-464-g50448035db (webtiles) character file.

Game seed: 6510773180262835987

328 Bruhh the Chopper (level 6, -2/62 HPs)
             Began as an Ogre Fighter on May 20, 2022.
             Succumbed to an orc's poison
             ... on level 4 of the Dungeon.
             The game lasted 00:03:03 (4380 turns).

Bruhh the Chopper (Ogre Fighter)                    Turns: 4380, Time: 00:03:04

Health: -2/62      AC:  5    Str: 21 (23) XL:     6   Next: 50%
Magic:  6/6        EV:  8    Int:  7 (9)  God:
Gold:   119        SH:  6    Dex:  6 (8)  Spells: 5/5 levels left

rFire   . . .      SeeInvis .   z - +3 whip (venom)
rCold   + . .      Faith    .   c - +0 kite shield
rNeg    . . .      Spirit   .   v - +2 robe {Will+}
rPois   .          Reflect  .   (helmet restricted)
rElec   .          Harm     .   (no cloak)
rCorr   .          Rampage  .   (gloves unavailable)
Will    ++...                   (boots unavailable)
Stlth   +.........              (no amulet)
HPRegen 0.20/turn               e - ring of protection from cold
MPRegen 0.10/turn               f - ring of willpower

@: lethally poisoned (-2 -> -18), flying, invisible
A: large, unfitting armour, tough skin 1
a: no special abilities


You were on level 4 of the Dungeon.
You visited 1 branch of the dungeon, and saw 4 of its levels.

You collected 119 gold pieces.

Inventory:

Hand Weapons
 a - a +0 war axe
 z - a +3 whip of venom (weapon)
 A - the +6 dagger "Dragonslayer" {freeze, *Corrode Str+2 Int+3}
   (You found it on level 3 of the Dungeon)

   It freezes those it strikes, dealing additional cold damage.
   It can also slow down cold-blooded creatures.
   Str:       It affects your strength (+2).
   Int:       It affects your intelligence (+3).
   *Corrode:  It may corrode you when you take damage.
Missiles
 y - a throwing net (quivered)
Armour
 b - a +0 robe
 c - a +0 kite shield (worn)
 v - a +2 robe of willpower (worn)
Jewellery
 e - a ring of protection from cold (left hand)
 f - a ring of willpower (right hand)
 n - a ring of see invisible
Scrolls
 g - a scroll of blinking {unknown}
 i - 4 scrolls of identify {unknown}
 j - 2 scrolls of amnesia {unknown}
 k - a scroll of poison {unknown}
 l - 2 scrolls of fear {unknown}
 m - a scroll of brand weapon {unknown}
 o - 2 scrolls of magic mapping {unknown}
 p - a scroll of immolation {unknown}
 q - 2 scrolls of teleportation {unknown}
 s - a scroll of enchant armour {unknown}
 x - a scroll of vulnerability {unknown}
Potions
 d - 2 potions of might
 h - 2 potions of degeneration
 r - a potion of mutation {unknown}
 w - a potion of resistance {unknown}


   Skills:
 - Level 4.0 Fighting
 + Level 6.7 Axes
 - Level 2.6 Dodging
 - Level 3.0 Shields


You had 5 spell levels left.
You didn't know any spells.
Your spell library contained the following spells:

 Spells                   Type           Power      Damage    Failure   Level
 Ozocubu's Armour         Ice            0%         N/A       97%         3
 Freezing Cloud           Conj/Ice/Air   0%         6-21      100%        5
 Simulacrum               Ice/Necr       0%         N/A       100%        6
 Ozocubu's Refrigeration  Ice            0%         4d5       100%        7
 Polar Vortex             Ice            0%         N/A       100%        9


Dungeon Overview and Level Annotations

Branches:
Dungeon (4/15)
 Temple: D:4-7

Altars:


Innate Abilities, Weirdness & Mutations

You are too large for most types of armour.
You have tough skin. (AC +1)


Message History

You kill the orc wizard!
You feel very sick. The goblin closely misses you.
The orc hits you but does no damage.
You are more poisoned.
You closely miss the orc.
You feel very sick. The goblin barely misses you.
The orc hits you with a +0 dagger.
The orc hits you with a +0 hand axe of venom.
You are more poisoned.
You barely miss the orc.
You feel very sick. You block the goblin's attack.
The orc hits you with a +0 mace. The orc hits you but does no damage. x2
You are lethally poisoned!
You whack the orc!
You kill the orc!
You feel extremely sick. The goblin hits you but does no damage.
The orc hits you but does no damage. You block the orc's attack.
Unknown command.
It was a potion of degeneration.
There was something very wrong with that liquid.
You feel weakened.
You feel dopey.
You feel clumsy.
* * * LOW HITPOINT WARNING * * *
You feel very sick. The goblin hits you but does no damage.
The orc hits you with a +0 mace.
* * * LOW HITPOINT WARNING * * *
The orc hits you with a +0 dagger.
* * * LOW HITPOINT WARNING * * *
It was a potion of invisibility.
You fade into invisibility!
* * * LOW HITPOINT WARNING * * *
You feel very sick. The goblin hits you with a +0 club.
* * * LOW HITPOINT WARNING * * *
The orc closely misses you. You block the orc's attack.
It was a potion of flight.
You feel very buoyant.
You fly up into the air.
You die...

#####.......)##...##<.........#
##...#........##+####....#######
#..................#####'##...##
#........................#......
#........................#......
##............##...##....#......
##...##.......##...##....'......
#....###########.........##....#
#.....# ......g@o........##....#
#..|..# ......))o...............
#.....# ........................
#.....# ...........########.....
#.....# ...........# #.....
##...## ......##...# . ######
##### ###### #...# ..##....#
...# ........# .........


You could see 2 orcs and a goblin (can't see you).

Vanquished Creatures
  An orc priest (D:3)
  A hound (D:2)
  3 orc wizards
  Jessica (D:3)
  4 gnolls (D:3)
  4 adders
  3 worms
  2 dart slugs
  8 orcs
  8 ball pythons
  6 endoplasms
  2 giant cockroaches (D:3)
  7 goblins
  9 hobgoblins
  3 jackals (D:1)
  4 quokkas
  2 frilled lizards (D:1)
  3 kobolds
  4 rats
75 creatures vanquished.

Notes
Turn   | Place    | Note
-------+----------+-------------------------------------------
     0 | D:1      | Bruhh the Ogre Fighter began the quest for the Orb.
     0 | D:1      | Reached XP level 1. HP: 24/24 MP: 1/1
   314 | D:1      | Reached XP level 2. HP: 28/32 MP: 2/2
   533 | D:1      | Reached skill level 3 in Axes
  1388 | D:2      | Reached skill level 4 in Axes
  1388 | D:2      | Reached XP level 3. HP: 25/39 MP: 3/3
  1526 | D:2      | Reached XP level 4. HP: 45/48 MP: 4/4
  2780 | D:2      | Reached skill level 5 in Axes
  2780 | D:2      | Reached XP level 5. HP: 35/54 MP: 5/5
  3488 | D:3      | Reached skill level 6 in Axes
  3573 | D:3      | Noticed Jessica
  3578 | D:3      | Killed Jessica
  3579 | D:3      | Reached XP level 6. HP: 62/62 MP: 6/6
  4091 | D:3      | Identified the +6 dagger "Dragonslayer" {freeze, *Corrode
                  | Str+2 Int+3}
  4379 | D:4      | HP: 2/62 [goblin/+0 club (3)]
  4380 | D:4      | Succumbed to an orc's poison

Illustrated notes

Levels and vault maps discovered:
D:1:      mrwooster_arrival_statue_3, layout_basic, minmay_misc_feat_nine_boxes
D:2:      layout_basic, st_stairs_3
D:3:      minmay_evil_eye, layout_rooms, uniq_jessica
D:4:      layout_gridville

Skill      XL: |  1  2  3  4  5 |
---------------+----------------+-----
Axes           | 4 5 6 |  6.7
Fighting       | |  4.0
Dodging        | |  2.6
Shields        | |  3.0

Action                   |  1- 3 |  4- 6 || total
-------------------------+-------+-------++-------
Melee: War axe           |    60 |   114 ||   174
       Whip              |       |    33 ||    33
  Use: Potion            |       |     3 ||     3
Armor: Robe              |     9 |    39 ||    48
Dodge: Dodged            |    25 |    55 ||    80
Block: Kite shield       |    27 |    49 ||    76

Table legend: (Time is in decaauts)
 A = Elapsed time spent in this place.
 B = Non-inter-level travel time spent in this place.
 C = Inter-level travel time spent in this place.
 D = Time resting spent in this place.
 E = Time spent auto-exploring this place.
 F = Levels seen in this place.
 G = Mean time per level.
                   A        B        C        D        E       F      G
               +--------+--------+--------+--------+--------+-----+--------+
         Total |   4456 |   4354 |    102 |    628 |   3122 |   4 | 1114.0 |
       Dungeon |   4456 |   4354 |    102 |    628 |   3122 |   4 | 1114.0 |
               +--------+--------+--------+--------+--------+-----+--------+

Top non-repeatable levels by time:
     D:2: 1809 daAuts
     D:1: 1325 daAuts
     D:3: 1132 daAuts
     D:4: 189 daAuts
